Gangsters vs Sewer Rats
(R1)
Created - December 5, 2017 at 19:13
Goals
|
| Gangsters |
2 |
2 |
1 |
1 |
6 |
| Sewer Rats |
1 |
1 |
3 |
0 |
5 |
|
Shots
|
| Gangsters |
17 |
6 |
10 |
3 |
36 |
| Sewer Rats |
5 |
22 |
14 |
1 |
42 |
|
1st period
1. Gangsters , Devante Smith-Pelly 7 (Matt Delahey 9) at 13:50
2. Sewer Rats , Ville Leino 22 (Mark Mancari 22, Vincent Trocheck 8) at 15:08
3. Gangsters , Gustav Nyquist 5 (Chris Bourque 12) at 15:16
Penalties :
Jarred Tinordi (Tol) for Interference (Minor) at 2:06, Devante Smith-Pelly (Bro) for Hooking (Minor) at 7:44
2nd period
4. Gangsters , Seth Griffith 6 (Devante Smith-Pelly 11, Bryan Young 14) at 0:55
5. Sewer Rats , Jarred Tinordi 1 (Ville Leino 20, Kyle Turris 26) at 9:21 (PP)
6. Gangsters , Magnus Paajarvi-Svensson 11 (Tomas Hertl 10, Colten Teubert 9) at 13:23
Penalties :
Chris Bourque (Bro) for Holding (Minor) at 9:11, Brett Ponich (Bro) for Tripping (Minor) at 9:34, Colten Teubert (Bro) for Holding (Minor) at 17:21
3rd period
7. Sewer Rats , Mark Mancari 13 (Ville Leino 21, Kyle Turris 27) at 1:17
8. Gangsters , Dave Dziurzynski 2 (Magnus Paajarvi-Svensson 15) at 6:36 (SH)
9. Sewer Rats , Kyle Turris 16 (John Ramage 2, Mark Mancari 23) at 9:01
10. Sewer Rats , Jonathan Huberdeau 6 (Martin Frk 7) at 16:26
Penalties :
Patrik Nemeth (Bro) for Kneeing (Minor) at 5:24, Maxime Sauvé (Bro) for Roughing (Minor) at 9:10, Jonathan Racine (Tol) for Hooking (Minor) at 12:59, Jonas Brodin (Bro) for Goalie Interference (Minor) at 18:49
Overtime #1
11. Gangsters , Maxime Sauvé 5 (Tomas Hertl 11, Matt Delahey 10) at 3:11
Penalties :
No Penalty
Goalie Stats
Dustin Tokarski (Bro), 37 saves from 42 shots - (0.881), W, 7-4-1, 63:11 minutes
Marek Mazanek (Tol), 30 saves from 36 shots - (0.833), OTL, 3-5-3, 63:11 minutes
Players Stats for Gangsters
Player Name G A P +/- PIM S H SB GA TA FO MP PP MP PK MP
------------------------------------------------------------------------------------
Austen Brassard 0 0 0 0 0 0 0 0 0 0 0/0 0:32 0:00 0:00
Brendan Woods 0 0 0 -1 0 1 0 2 1 0 0/0 7:59 0:00 0:00
Brett Ponich 0 0 0 -1 2 0 0 1 0 0 0/0 9:29 0:00 0:10
Bryan Young 0 1 1 4 0 1 3 3 0 1 0/0 28:13 2:05 7:29
Chris Bourque 0 1 1 0 2 1 4 1 0 3 6/16 24:04 1:34 7:06
Colten Teubert 0 1 1 4 2 0 2 0 0 2 0/0 27:07 2:05 6:17
Dave Dziurzynski 1 0 1 1 0 4 0 0 0 1 0/1 12:41 0:00 1:38
Derrick Pouliot 0 0 0 0 0 0 0 0 0 0 0/0 0:00 0:00 0:00
Devante Smith-Pelly 1 1 2 0 2 3 1 1 0 2 0/0 10:56 0:00 0:00
Gustav Nyquist 1 0 1 0 0 5 0 0 1 1 0/2 24:02 1:34 6:51
Jonas Brodin 0 0 0 -1 2 1 0 0 0 0 0/0 4:46 0:00 0:00
Kevin Roy 0 0 0 -1 0 0 0 0 1 0 2/3 7:59 0:00 0:00
Magnus Paajarvi-Svensson 1 1 2 2 0 3 0 0 2 0 1/1 14:45 2:24 1:11
Matt Delahey 0 2 2 0 0 2 0 2 0 0 0/0 21:05 1:53 4:25
Maxime Sauvé 1 0 1 1 2 4 3 1 0 0 14/27 19:33 1:34 2:45
Michael Sdao 0 0 0 -1 0 1 0 1 0 0 0/0 9:29 0:00 0:21
Morgan Ellis 0 0 0 -1 0 1 1 0 0 1 0/0 4:35 0:00 0:00
Patrik Nemeth 0 0 0 0 2 2 2 0 0 0 0/0 20:10 1:53 3:39
Phillip Danault 0 0 0 0 0 0 0 0 0 0 0/1 0:32 0:00 0:00
Richard Panik 0 0 0 1 0 4 2 1 1 0 0/0 13:28 2:24 0:00
Ryan Culkin 0 0 0 0 0 0 0 0 0 0 0/0 2:02 0:00 1:47
Sebastian Collberg 0 0 0 -1 0 0 0 0 0 0 1/1 7:59 0:00 0:00
Seth Griffith 1 0 1 0 0 1 0 1 0 0 4/12 11:13 0:00 0:16
Tomas Hertl 0 2 2 2 0 2 1 0 0 0 7/16 17:54 2:24 3:32
Players Stats for Sewer Rats
Player Name G A P +/- PIM S H SB GA TA FO MP PP MP PK MP
------------------------------------------------------------------------------------
Connor Carrick 0 0 0 0 0 0 0 1 0 0 0/0 10:26 0:00 0:00
Daniel Carr 0 0 0 0 0 1 0 0 0 0 0/0 7:34 0:08 0:00
Dmitrij Jaskin 0 0 0 0 0 2 0 0 1 0 0/0 7:13 0:08 0:00
Jared Boll 0 0 0 -1 0 5 0 0 2 2 1/1 16:53 4:41 0:00
Jarred Tinordi 1 0 1 -3 2 2 0 1 1 0 0/0 26:40 6:13 1:11
Joel Edmundson 0 0 0 -3 0 1 0 2 0 0 0/0 25:10 6:13 2:02
John Ramage 0 1 1 1 0 2 2 1 0 0 0/0 25:13 5:02 1:56
Jonathan Huberdeau 1 0 1 -1 0 2 1 0 1 0 0/0 10:46 0:08 0:50
Jonathan Marchessault 0 0 0 -1 0 1 2 0 1 0 10/19 16:53 4:41 0:00
Jonathan Racine 0 0 0 0 2 0 2 1 0 0 0/0 11:17 0:00 0:51
Kyle Turris 1 2 3 0 0 3 1 0 1 1 20/35 25:03 6:26 1:14
Mark Mancari 1 2 3 1 0 8 5 0 0 1 1/2 26:28 6:26 1:54
Martin Frk 0 1 1 -1 0 2 1 0 0 0 1/1 8:58 0:00 0:00
Nick Cousins 0 0 0 0 0 0 2 1 0 0 1/3 6:58 0:00 0:00
Ryan Murphy 0 0 0 1 0 1 0 2 0 1 0/0 25:13 5:02 1:56
Ville Leino 1 2 3 1 0 5 2 0 3 0 2/7 26:28 6:26 1:54
Vincent Trocheck 0 1 1 -1 0 2 0 1 0 0 7/10 10:10 0:00 0:50
Xavier Ouellet 0 0 0 0 0 0 0 0 0 0 0/0 2:22 0:00 0:00
Zach Boychuk 0 0 0 -2 0 5 4 0 1 1 2/2 18:59 4:41 1:14
3 Stars
1 - Mark Mancari (Tol)
2 - Ville Leino (Tol)
3 - Kyle Turris (Tol)
Power Play
Gangsters - 0 on 2 Attempt(s) - 0.00%
Sewer Rats - 1 on 7 Attempt(s) - 14.29%
Penalty Kill
Gangsters - 6 on 7 Attempt(s) - 85.71%
- Score 1 goal in Penalty Kill
Sewer Rats - 2 on 2 Attempt(s) - 100.00%
- Score 0 goal in Penalty Kill
Team Stat
Gangsters - Hits : 19 - Faceoff Wins : 35 - Blocked Shots : 14 - Penalty Minutes : 14
Sewer Rats - Hits : 22 - Faceoff Wins : 45 - Blocked Shots : 10 - Penalty Minutes : 4
Official
Referees : McCauley Wes and Kozari Steve
Linesman : Vaughan Rody and Shane Heyer
Game Notes
No Game Note
Finance
Level 1 -- Attendance: 1387 (69.35%) -- Ticket Income $48,545
Level 2 -- Attendance: 670 (67.00%) -- Ticket Income $11,390
Total Attendance: 2057 (68.57%)
Total Ticket Income: $59,935
Other Income: $2,997
Total Income: $62,932
Gangsters
5 vs 5 Forward
Center Left Wing Right Wing Time % Phy DF OF
1 Maxime Sauvé Chris Bourque Gustav Nyquist 40 1 2 2
2 Tomas Hertl Magnus Paajarvi-Svensson Richard Panik 30 1 2 2
3 Seth Griffith Dave Dziurzynski Devante Smith-Pelly 20 1 2 2
4 Kevin Roy Brendan Woods Sebastian Collberg 10 1 2 2
5 vs 5 Defense
Defense Defense Time % Phy DF OF
1 Colten Teubert Bryan Young 40 1 2 2
2 Patrik Nemeth Matt Delahey 30 1 2 2
3 Michael Sdao Brett Ponich 20 1 2 2
4 Morgan Ellis Jonas Brodin 10 1 2 2
PowerPlay Forward
Center Left Wing Right Wing Time % Phy DF OF
1 Maxime Sauvé Chris Bourque Gustav Nyquist 60 1 2 2
2 Tomas Hertl Magnus Paajarvi-Svensson Richard Panik 40 1 2 2
PowerPlay Defense
Defense Defense Time % Phy DF OF
1 Colten Teubert Bryan Young 60 1 2 2
2 Patrik Nemeth Matt Delahey 40 1 2 2
Penalty Kill 4 Players Forward
Center Wing Time % Phy DF OF
1 Chris Bourque Gustav Nyquist 60 1 2 2
2 Maxime Sauvé Tomas Hertl 40 1 2 2
Penalty Kill 4 Players Defense
Defense Defense Time % Phy DF OF
1 Colten Teubert Bryan Young 60 1 2 2
2 Patrik Nemeth Matt Delahey 40 1 2 2
Penalty Kill - 3 Players Forward
Forward Time % Phy DF OF
1 Chris Bourque 60 1 2 2
2 Gustav Nyquist 40 1 2 2
Penalty Kill - 3 Players Defense
Defense Defense Time % Phy DF OF
1 Colten Teubert Bryan Young 60 1 2 2
2 Patrik Nemeth Matt Delahey 40 1 2 2
4 vs 4 Forward
Center Wing Time % Phy DF OF
1 Chris Bourque Gustav Nyquist 60 1 2 2
2 Maxime Sauvé Tomas Hertl 40 1 2 2
4 vs 4 Defense
Defense Defense Time % Phy DF OF
1 Colten Teubert Bryan Young 60 1 2 2
2 Patrik Nemeth Matt Delahey 40 1 2 2
Last Minutes Offensive
Center Left Wing Right Wing Defense Defense
Maxime Sauvé Chris Bourque Gustav Nyquist Colten Teubert Bryan Young
Last Minutes Defensive
Center Left Wing Right Wing Defense Defense
Maxime Sauvé Chris Bourque Gustav Nyquist Colten Teubert Bryan Young
Goaltenders
Starting : Dustin Tokarski
Backup : Mike Condon
Extra Forwards
Normal : Phillip Danault, Austen Brassard, Dave Dziurzynski - PP : Phillip Danault, Austen Brassard - PK : Dave Dziurzynski
Extra Defensemen
Normal : Derrick Pouliot, Ryan Culkin, Michael Sdao - PP : Derrick Pouliot - PK : Ryan Culkin, Michael Sdao
Penalty Shots
Chris Bourque, Gustav Nyquist, Maxime Sauvé, Tomas Hertl, Richard Panik
Scratches
Stefan Noesen (Suspend), Jordan Binnington (Healthy)
Sewer Rats
5 vs 5 Forward
Center Left Wing Right Wing Time % Phy DF OF
1 Kyle Turris Ville Leino Mark Mancari 40 1 2 2
2 Jonathan Marchessault Zach Boychuk Jared Boll 30 1 2 2
3 Vincent Trocheck Jonathan Huberdeau Martin Frk 20 1 2 2
4 Nick Cousins Daniel Carr Dmitrij Jaskin 10 1 2 2
5 vs 5 Defense
Defense Defense Time % Phy DF OF
1 Jarred Tinordi Joel Edmundson 35 1 2 2
2 John Ramage Ryan Murphy 35 1 2 2
3 Connor Carrick Jonathan Racine 20 1 2 2
4 Xavier Ouellet Jarred Tinordi 10 1 2 2
PowerPlay Forward
Center Left Wing Right Wing Time % Phy DF OF
1 Kyle Turris Ville Leino Mark Mancari 60 1 2 2
2 Jonathan Marchessault Zach Boychuk Jared Boll 40 1 2 2
PowerPlay Defense
Defense Defense Time % Phy DF OF
1 Jarred Tinordi Joel Edmundson 60 1 2 2
2 John Ramage Ryan Murphy 40 1 2 2
Penalty Kill 4 Players Forward
Center Wing Time % Phy DF OF
1 Ville Leino Mark Mancari 60 1 2 2
2 Zach Boychuk Kyle Turris 40 1 2 2
Penalty Kill 4 Players Defense
Defense Defense Time % Phy DF OF
1 Jarred Tinordi Joel Edmundson 60 1 2 2
2 John Ramage Ryan Murphy 40 1 2 2
Penalty Kill - 3 Players Forward
Forward Time % Phy DF OF
1 Ville Leino 60 1 2 2
2 Mark Mancari 40 1 2 2
Penalty Kill - 3 Players Defense
Defense Defense Time % Phy DF OF
1 Jarred Tinordi Joel Edmundson 60 1 2 2
2 John Ramage Ryan Murphy 40 1 2 2
4 vs 4 Forward
Center Wing Time % Phy DF OF
1 Ville Leino Mark Mancari 60 1 2 2
2 Zach Boychuk Kyle Turris 40 1 2 2
4 vs 4 Defense
Defense Defense Time % Phy DF OF
1 Jarred Tinordi Joel Edmundson 60 1 2 2
2 John Ramage Ryan Murphy 40 1 2 2
Last Minutes Offensive
Center Left Wing Right Wing Defense Defense
Kyle Turris Ville Leino Mark Mancari Jarred Tinordi Joel Edmundson
Last Minutes Defensive
Center Left Wing Right Wing Defense Defense
Kyle Turris Ville Leino Mark Mancari Jarred Tinordi Joel Edmundson
Goaltenders
Starting : Marek Mazanek
Backup : Richard Bachman
Extra Forwards
Normal : Jonathan Huberdeau, Daniel Carr, Vincent Trocheck - PP : Jonathan Huberdeau, Daniel Carr - PK : Vincent Trocheck
Extra Defensemen
Normal : Connor Carrick, Jonathan Racine, Xavier Ouellet - PP : Connor Carrick - PK : Jonathan Racine, Xavier Ouellet
Penalty Shots
Ville Leino, Mark Mancari, Zach Boychuk, Kyle Turris, Jared Boll
Scratches
William Karlsson (Sprained Left Finger Injury), Mattias Ekholm (Abdominal Strain Injury), Josh Archibald (Healthy), Joseph Blandisi (Healthy), Chris Calhan (Healthy)
Tom Sestito (Healthy), Steven Kampfer (Healthy)
% Time on Ice - Gangsters
Lines # - Real PCT - Wanted PCT - Time Play
Normal Forward
1 - 32% - 40% - 14:28
2 - 25% - 30% - 11:23
3 - 24% - 20% - 10:57
4 - 18% - 10% - 7:59
Normal Defense
1 - 40% - 40% - 17:42
2 - 30% - 30% - 13:22
3 - 20% - 20% - 9:08
4 - 10% - 10% - 4:35
PP Forward
1 - 39% - 60% - 1:34
2 - 61% - 40% - 2:24
PP Defense
1 - 53% - 60% - 2:05
2 - 47% - 40% - 1:53
PK Forward
1 - 70% - 60% - 7:50
2 - 30% - 40% - 3:25
PK Defense
1 - 63% - 60% - 7:02
2 - 37% - 40% - 4:13
PK3 Forward
1 - 76% - 60% - 0:37
2 - 24% - 40% - 0:12
PK3 Defense
1 - 76% - 60% - 0:37
2 - 24% - 40% - 0:12
44 Forward
1 - 67% - 60% - 1:35
2 - 33% - 40% - 0:47
44 Defense
1 - 40% - 60% - 0:57
2 - 60% - 40% - 1:25
Last Minute Offensive - 0:00
Last Minute Defensive - 0:00
Total
Forward - 63:11
Defense - 63:11
|
% Time on Ice - Sewer Rats
Lines # - Real PCT - Wanted PCT - Time Play
Normal Forward
1 - 37% - 40% - 16:39
2 - 27% - 30% - 12:12
3 - 20% - 20% - 8:58
4 - 16% - 10% - 6:58
Normal Defense
1 - 34% - 35% - 15:16
2 - 37% - 35% - 16:43
3 - 23% - 20% - 10:26
4 - 5% - 10% - 2:22
PP Forward
1 - 58% - 60% - 6:34
2 - 42% - 40% - 4:41
PP Defense
1 - 55% - 60% - 6:13
2 - 45% - 40% - 5:02
PK Forward
1 - 69% - 60% - 2:44
2 - 31% - 40% - 1:14
PK Defense
1 - 51% - 60% - 2:02
2 - 49% - 40% - 1:56
PK3 Forward
1 - 0% - 60%
2 - 0% - 40%
PK3 Defense
1 - 0% - 60%
2 - 0% - 40%
44 Forward
1 - 73% - 60% - 2:19
2 - 27% - 40% - 0:52
44 Defense
1 - 52% - 60% - 1:39
2 - 48% - 40% - 1:32
Last Minute Offensive - 0:00
Last Minute Defensive - 0:00
Total
Forward - 63:11
Defense - 63:11
|
Play by Play
1st period
0:01 of 1st period - Maxime Sauvé wins face-off versus Kyle Turris in neutral zone.
0:08 of 1st period - Snap shot by Gustav Nyquist.
0:08 of 1st period - Deflect By Chris Bourque.
0:08 of 1st period - Stopped by Marek Mazanek with a rebound.
0:10 of 1st period - Snap shot by Bryan Young.
0:10 of 1st period - Stopped by Marek Mazanek with a rebound.
0:12 of 1st period - Snap shot by Maxime Sauvé.
0:12 of 1st period - Deflect By Kyle Turris.
0:12 of 1st period - Stopped by Marek Mazanek without a rebound.
0:13 of 1st period - Jonathan Marchessault wins face-off versus Tomas Hertl in Sewer Rats zone.
0:46 of 1st period - Snap shot by Dave Dziurzynski.
0:46 of 1st period - Stopped by Marek Mazanek without a rebound.
0:47 of 1st period - Vincent Trocheck wins face-off versus Maxime Sauvé in Sewer Rats zone.
1:32 of 1st period - Snap shot by Dave Dziurzynski.
1:32 of 1st period - Stopped by Marek Mazanek with a rebound.
1:34 of 1st period - Slapshot by Morgan Ellis.
1:34 of 1st period - Stopped by Marek Mazanek with a rebound.
1:38 of 1st period - Wrist shot by Dave Dziurzynski.
1:38 of 1st period - Shot Misses the Net.
1:40 of 1st period - Snap shot by Devante Smith-Pelly.
1:40 of 1st period - Shot Misses the Net.
1:42 of 1st period - Slapshot by Devante Smith-Pelly.
1:42 of 1st period - Stopped by Marek Mazanek without a rebound.
1:43 of 1st period - Maxime Sauvé wins face-off versus Jonathan Marchessault in Sewer Rats zone.
1:44 of 1st period - Snap shot by Gustav Nyquist.
1:44 of 1st period - Stopped by Marek Mazanek without a rebound.
1:45 of 1st period - Maxime Sauvé wins face-off versus Jonathan Marchessault in Sewer Rats zone.
1:48 of 1st period - Wrist shot by Gustav Nyquist.
1:48 of 1st period - Shot Blocked by Jarred Tinordi.
1:50 of 1st period - Slapshot by Colten Teubert.
1:50 of 1st period - Shot Blocked by Joel Edmundson.
2:06 of 1st period - Minor Penalty to Jarred Tinordi for Interference.
2:07 of 1st period - Maxime Sauvé wins face-off versus Ville Leino in Sewer Rats zone.
2:42 of 1st period - Slapshot by Colten Teubert.
2:42 of 1st period - Shot Blocked by Jonathan Racine.
3:08 of 1st period - Ryan Murphy is hit by Patrik Nemeth.
3:17 of 1st period - Patrik Nemeth is hit by John Ramage and loses puck.
3:26 of 1st period - Wrist shot by Richard Panik.
3:26 of 1st period - Stopped by Marek Mazanek with a rebound.
3:34 of 1st period - Wrist shot by Magnus Paajarvi-Svensson.
3:34 of 1st period - Shot Misses the Net.
3:53 of 1st period - Slapshot by Matt Delahey.
3:53 of 1st period - Shot Blocked by Vincent Trocheck.
3:55 of 1st period - Slapshot by Patrik Nemeth.
3:55 of 1st period - Stopped by Marek Mazanek with a rebound.
3:57 of 1st period - Snap shot by Matt Delahey.
3:57 of 1st period - Deflect By Tomas Hertl.
3:57 of 1st period - Stopped by Marek Mazanek with a rebound.
3:59 of 1st period - Snap shot by Richard Panik.
3:59 of 1st period - Shot Misses the Net.
4:01 of 1st period - Wrist shot by Richard Panik.
4:01 of 1st period - Shot Blocked by Ryan Murphy.
4:05 of 1st period - Slapshot by Richard Panik.
4:05 of 1st period - Stopped by Marek Mazanek without a rebound.
4:06 of 1st period - Penalty to Jarred Tinordi is over, Jarred Tinordi is back on ice.
4:06 of 1st period - Maxime Sauvé wins face-off versus Nick Cousins in Sewer Rats zone.
4:31 of 1st period - Zach Boychuk is hit by Devante Smith-Pelly and loses puck.
4:54 of 1st period - Snap shot by Zach Boychuk.
4:54 of 1st period - Shot Misses the Net.
5:04 of 1st period - Snap shot by Mark Mancari.
5:04 of 1st period - Shot Blocked by Brendan Woods.
5:40 of 1st period - Snap shot by Devante Smith-Pelly.
5:40 of 1st period - Shot Blocked by Connor Carrick.
5:42 of 1st period - Slapshot by Michael Sdao.
5:42 of 1st period - Stopped by Marek Mazanek without a rebound.
5:43 of 1st period - Kevin Roy wins face-off versus Kyle Turris in Sewer Rats zone.
6:32 of 1st period - Wrist shot by Zach Boychuk.
6:32 of 1st period - Stopped by Dustin Tokarski with a rebound.
7:31 of 1st period - Off-side.
7:32 of 1st period - Jonathan Marchessault wins face-off versus Seth Griffith in neutral zone.
7:44 of 1st period - Minor Penalty to Devante Smith-Pelly for Hooking.
7:45 of 1st period - Kyle Turris wins face-off versus Chris Bourque in Gangsters zone.
8:01 of 1st period - Snap shot by Mark Mancari.
8:01 of 1st period - Deflect By Ville Leino.
8:01 of 1st period - Shot Misses the Net.
8:01 of 1st period - Puck is out of play.
8:02 of 1st period - Jared Boll wins face-off versus Chris Bourque in Gangsters zone.
9:24 of 1st period - Maxime Sauvé is hit by Zach Boychuk and loses puck.
9:44 of 1st period - Penalty to Devante Smith-Pelly is over, Devante Smith-Pelly is back on ice.
9:57 of 1st period - Snap shot by Vincent Trocheck.
9:57 of 1st period - Stopped by Dustin Tokarski with a rebound.
9:59 of 1st period - Snap shot by Vincent Trocheck.
9:59 of 1st period - Shot Misses the Net.
10:01 of 1st period - Slapshot by Jonathan Huberdeau.
10:01 of 1st period - Shot Misses the Net.
10:31 of 1st period - Bryan Young is hit by Martin Frk and loses puck.
11:11 of 1st period - Off-side.
11:12 of 1st period - Jonathan Marchessault wins face-off versus Kevin Roy in neutral zone.
12:17 of 1st period - Snap shot by Dave Dziurzynski.
12:17 of 1st period - Deflect By Devante Smith-Pelly.
12:17 of 1st period - Shot Misses the Net.
12:17 of 1st period - Puck is out of play.
12:18 of 1st period - Seth Griffith wins face-off versus Nick Cousins in Sewer Rats zone.
12:21 of 1st period - Snap shot by Devante Smith-Pelly.
12:21 of 1st period - Shot Blocked by Nick Cousins.
13:08 of 1st period - Gustav Nyquist is hit by Mark Mancari and loses puck.
13:29 of 1st period - Colten Teubert is hit by Jonathan Marchessault and loses puck.
13:50 of 1st period - Snap shot by Devante Smith-Pelly.
13:50 of 1st period - Goal by Devante Smith-Pelly - Gangsters : 1 - Sewer Rats : 0.
13:51 of 1st period - Maxime Sauvé wins face-off versus Kyle Turris in neutral zone.
14:18 of 1st period - Zach Boychuk is hit by Richard Panik and loses puck.
14:34 of 1st period - Icing by Jared Boll.
14:35 of 1st period - Vincent Trocheck wins face-off versus Seth Griffith in Sewer Rats zone.
14:40 of 1st period - Wrist shot by Vincent Trocheck.
14:40 of 1st period - Stopped by Dustin Tokarski with a rebound.
14:46 of 1st period - Wrist shot by Dave Dziurzynski.
14:46 of 1st period - Stopped by Marek Mazanek with a rebound.
15:08 of 1st period - Wrist shot by Ville Leino.
15:08 of 1st period - Goal by Ville Leino - Gangsters : 1 - Sewer Rats : 1.
15:09 of 1st period - Kyle Turris wins face-off versus Maxime Sauvé in neutral zone.
15:16 of 1st period - Snap shot by Gustav Nyquist.
15:16 of 1st period - Goal by Gustav Nyquist - Gangsters : 2 - Sewer Rats : 1.
15:17 of 1st period - Kyle Turris wins face-off versus Maxime Sauvé in neutral zone.
15:23 of 1st period - Off-side.
15:24 of 1st period - Kyle Turris wins face-off versus Chris Bourque in neutral zone.
15:30 of 1st period - Icing by Patrik Nemeth.
15:31 of 1st period - Maxime Sauvé wins face-off versus Kyle Turris in Gangsters zone.
15:42 of 1st period - Jarred Tinordi is hit by Chris Bourque and loses puck.
16:27 of 1st period - Gustav Nyquist is hit by Ville Leino.
16:39 of 1st period - Slapshot by Ville Leino.
16:39 of 1st period - Shot Blocked by Matt Delahey.
17:10 of 1st period - Wrist shot by Gustav Nyquist.
17:10 of 1st period - Stopped by Marek Mazanek without a rebound.
17:11 of 1st period - Jonathan Marchessault wins face-off versus Tomas Hertl in Sewer Rats zone.
17:51 of 1st period - Wrist shot by Zach Boychuk.
17:51 of 1st period - Shot Blocked by Brett Ponich.
18:39 of 1st period - Brendan Woods is hit by Nick Cousins and loses puck.
18:48 of 1st period - Bryan Young is hit by Nick Cousins and loses puck.
18:53 of 1st period - Snap shot by Nick Cousins.
18:53 of 1st period - Shot Hit the Post.
19:07 of 1st period - Wrist shot by Daniel Carr.
19:07 of 1st period - Stopped by Dustin Tokarski without a rebound.
19:08 of 1st period - Vincent Trocheck wins face-off versus Tomas Hertl in Gangsters zone.
19:25 of 1st period - Vincent Trocheck is hit by Morgan Ellis and loses puck.
19:46 of 1st period - Snap shot by Jared Boll.
19:46 of 1st period - Shot Blocked by Brendan Woods.
Goals for this period are 2 for Gangsters vs 1 for Sewer Rats.
Shots for this period are 17 for Gangsters vs 5 for Sewer Rats.
2nd period
0:01 of 2nd period - Mark Mancari wins face-off versus Tomas Hertl in neutral zone.
0:45 of 2nd period - Off-side.
0:46 of 2nd period - Seth Griffith wins face-off versus Vincent Trocheck in neutral zone.
0:53 of 2nd period - Wrist shot by Devante Smith-Pelly.
0:53 of 2nd period - Shot Blocked by Ryan Murphy.
0:55 of 2nd period - Wrist shot by Seth Griffith.
0:55 of 2nd period - Goal by Seth Griffith - Gangsters : 3 - Sewer Rats : 1.
0:56 of 2nd period - Tomas Hertl wins face-off versus Ville Leino in neutral zone.
1:21 of 2nd period - Maxime Sauvé is hit by Zach Boychuk and loses puck.
2:19 of 2nd period - Snap shot by Dmitrij Jaskin.
2:19 of 2nd period - Shot Misses the Net.
2:32 of 2nd period - Off-side.
2:33 of 2nd period - Kyle Turris wins face-off versus Maxime Sauvé in neutral zone.
2:33 of 2nd period - Kyle Turris is hit by Maxime Sauvé.
2:45 of 2nd period - Backhand shot by Chris Bourque.
2:45 of 2nd period - Deflect By Gustav Nyquist.
2:45 of 2nd period - Shot Misses the Net.
2:45 of 2nd period - Puck is out of play.
2:46 of 2nd period - Maxime Sauvé wins face-off versus Kyle Turris in Sewer Rats zone.
2:47 of 2nd period - Slapshot by Gustav Nyquist.
2:47 of 2nd period - Stopped by Marek Mazanek without a rebound.
2:48 of 2nd period - Kyle Turris wins face-off versus Maxime Sauvé in Sewer Rats zone.
2:48 of 2nd period - Kyle Turris is hit by Bryan Young.
2:51 of 2nd period - Mark Mancari is hit by Chris Bourque and loses puck.
2:56 of 2nd period - Snap shot by Kyle Turris.
2:56 of 2nd period - Shot Misses the Net.
2:58 of 2nd period - Wrist shot by Mark Mancari.
2:58 of 2nd period - Deflect By Chris Bourque.
2:58 of 2nd period - Stopped by Dustin Tokarski without a rebound.
2:59 of 2nd period - Tomas Hertl wins face-off versus Ville Leino in Gangsters zone.
3:45 of 2nd period - Wrist shot by Jonathan Huberdeau.
3:45 of 2nd period - Stopped by Dustin Tokarski with a rebound.
3:47 of 2nd period - Slapshot by Jarred Tinordi.
3:47 of 2nd period - Stopped by Dustin Tokarski without a rebound.
3:48 of 2nd period - Tomas Hertl wins face-off versus Vincent Trocheck in Gangsters zone.
4:13 of 2nd period - Ville Leino is hit by Bryan Young and loses puck.
4:32 of 2nd period - Wrist shot by Jonathan Marchessault.
4:32 of 2nd period - Shot Misses the Net.
4:34 of 2nd period - Snap shot by Jonathan Marchessault.
4:34 of 2nd period - Shot Misses the Net.
4:36 of 2nd period - Wrist shot by Jared Boll.
4:36 of 2nd period - Stopped by Dustin Tokarski without a rebound.
4:37 of 2nd period - Seth Griffith wins face-off versus Jonathan Marchessault in Gangsters zone.
5:03 of 2nd period - Jarred Tinordi is hit by Chris Bourque and loses puck.
5:14 of 2nd period - Snap shot by Maxime Sauvé.
5:14 of 2nd period - Shot Misses the Net.
5:16 of 2nd period - Snap shot by Gustav Nyquist.
5:16 of 2nd period - Shot Misses the Net.
5:28 of 2nd period - Slapshot by Jonas Brodin.
5:28 of 2nd period - Deflect By Joel Edmundson.
5:28 of 2nd period - Stopped by Marek Mazanek without a rebound.
5:29 of 2nd period - Kevin Roy wins face-off versus Jonathan Marchessault in Sewer Rats zone.
5:34 of 2nd period - Snap shot by Brendan Woods.
5:34 of 2nd period - Deflect By Jonathan Marchessault.
5:34 of 2nd period - Stopped by Marek Mazanek with a rebound.
5:42 of 2nd period - Wrist shot by Jared Boll.
5:42 of 2nd period - Shot Misses the Net.
5:44 of 2nd period - Slapshot by John Ramage.
5:44 of 2nd period - Stopped by Dustin Tokarski with a rebound.
6:05 of 2nd period - Slapshot by Bryan Young.
6:05 of 2nd period - Deflect By Brendan Woods.
6:05 of 2nd period - Shot Blocked by John Ramage.
6:05 of 2nd period - Puck is out of play.
6:06 of 2nd period - Kyle Turris wins face-off versus Tomas Hertl in Sewer Rats zone.
6:06 of 2nd period - Kyle Turris is hit by Colten Teubert.
6:15 of 2nd period - Icing by Kyle Turris.
6:16 of 2nd period - Tomas Hertl wins face-off versus Kyle Turris in Sewer Rats zone.
6:25 of 2nd period - Snap shot by Ville Leino.
6:25 of 2nd period - Shot Misses the Net.
6:27 of 2nd period - Snap shot by Mark Mancari.
6:27 of 2nd period - Shot Misses the Net.
6:29 of 2nd period - Wrist shot by Mark Mancari.
6:29 of 2nd period - Stopped by Dustin Tokarski without a rebound.
6:30 of 2nd period - Jonathan Marchessault wins face-off versus Chris Bourque in Gangsters zone.
6:37 of 2nd period - Connor Carrick is hit by Chris Bourque and loses puck.
6:44 of 2nd period - Snap shot by Jared Boll.
6:44 of 2nd period - Shot Blocked by Chris Bourque.
6:46 of 2nd period - Wrist shot by Zach Boychuk.
6:46 of 2nd period - Deflect By Jared Boll.
6:46 of 2nd period - Stopped by Dustin Tokarski with a rebound.
7:11 of 2nd period - Jonathan Racine is hit by Tomas Hertl and loses puck.
8:13 of 2nd period - Off-side.
8:14 of 2nd period - Kyle Turris wins face-off versus Seth Griffith in neutral zone.
8:24 of 2nd period - Icing by Devante Smith-Pelly.
8:25 of 2nd period - Seth Griffith wins face-off versus Kyle Turris in Gangsters zone.
8:34 of 2nd period - Slapshot by Dave Dziurzynski.
8:34 of 2nd period - Shot Misses the Net.
8:44 of 2nd period - Snap shot by Devante Smith-Pelly.
8:44 of 2nd period - Stopped by Marek Mazanek with a rebound.
9:06 of 2nd period - Off-side.
9:07 of 2nd period - Vincent Trocheck wins face-off versus Maxime Sauvé in neutral zone.
9:11 of 2nd period - Minor Penalty to Chris Bourque for Holding.
9:12 of 2nd period - Kyle Turris wins face-off versus Dave Dziurzynski in Gangsters zone.
9:17 of 2nd period - Wrist shot by Ville Leino.
9:17 of 2nd period - Shot Blocked by Bryan Young.
9:19 of 2nd period - Snap shot by Ville Leino.
9:19 of 2nd period - Stopped by Dustin Tokarski with a rebound.
9:21 of 2nd period - Slapshot by Jarred Tinordi.
9:21 of 2nd period - Goal by Jarred Tinordi - Gangsters : 3 - Sewer Rats : 2.
9:22 of 2nd period - Kyle Turris wins face-off versus Gustav Nyquist in neutral zone.
9:34 of 2nd period - Minor Penalty to Brett Ponich for Tripping.
9:35 of 2nd period - Kyle Turris wins face-off versus Chris Bourque in Gangsters zone.
10:34 of 2nd period - Snap shot by Kyle Turris.
10:34 of 2nd period - Shot Blocked by Matt Delahey.
10:38 of 2nd period - Snap shot by Kyle Turris.
10:38 of 2nd period - Stopped by Dustin Tokarski without a rebound.
10:39 of 2nd period - Chris Bourque wins face-off versus Jonathan Marchessault in Gangsters zone.
10:52 of 2nd period - Snap shot by Jonathan Marchessault.
10:52 of 2nd period - Stopped by Dustin Tokarski without a rebound.
10:53 of 2nd period - Jonathan Marchessault wins face-off versus Maxime Sauvé in Gangsters zone.
11:34 of 2nd period - Penalty to Brett Ponich is over, Brett Ponich is back on ice.
11:45 of 2nd period - Snap shot by Dmitrij Jaskin.
11:45 of 2nd period - Stopped by Dustin Tokarski without a rebound.
11:46 of 2nd period - Nick Cousins wins face-off versus Tomas Hertl in Gangsters zone.
12:17 of 2nd period - Wrist shot by Ville Leino.
12:17 of 2nd period - Shot Blocked by Bryan Young.
12:19 of 2nd period - Snap shot by Connor Carrick.
12:19 of 2nd period - Shot Blocked by Seth Griffith.
12:21 of 2nd period - Snap shot by Mark Mancari.
12:21 of 2nd period - Stopped by Dustin Tokarski with a rebound.
12:31 of 2nd period - Vincent Trocheck is hit by Bryan Young and loses puck.
13:23 of 2nd period - Wrist shot by Magnus Paajarvi-Svensson.
13:23 of 2nd period - Goal by Magnus Paajarvi-Svensson - Gangsters : 4 - Sewer Rats : 2.
13:24 of 2nd period - Maxime Sauvé wins face-off versus Kyle Turris in neutral zone.
13:33 of 2nd period - Wrist shot by Chris Bourque.
13:33 of 2nd period - Shot Misses the Net.
15:27 of 2nd period - Snap shot by Zach Boychuk.
15:27 of 2nd period - Stopped by Dustin Tokarski with a rebound.
15:29 of 2nd period - Slapshot by Ryan Murphy.
15:29 of 2nd period - Shot Blocked by Michael Sdao.
15:31 of 2nd period - Slapshot by John Ramage.
15:31 of 2nd period - Stopped by Dustin Tokarski without a rebound.
15:32 of 2nd period - Maxime Sauvé wins face-off versus Kyle Turris in Gangsters zone.
15:41 of 2nd period - Wrist shot by Mark Mancari.
15:41 of 2nd period - Stopped by Dustin Tokarski without a rebound.
15:42 of 2nd period - Maxime Sauvé wins face-off versus Ville Leino in Gangsters zone.
15:57 of 2nd period - Wrist shot by Gustav Nyquist.
15:57 of 2nd period - Deflect By Maxime Sauvé.
15:57 of 2nd period - Shot Misses the Net.
15:57 of 2nd period - Puck is out of play.
15:58 of 2nd period - Tomas Hertl wins face-off versus Jonathan Marchessault in Sewer Rats zone.
16:50 of 2nd period - Mark Mancari is hit by Patrik Nemeth and loses puck.
17:05 of 2nd period - Snap shot by Kyle Turris.
17:05 of 2nd period - Shot Blocked by Devante Smith-Pelly.
17:07 of 2nd period - Snap shot by Ville Leino.
17:07 of 2nd period - Stopped by Dustin Tokarski without a rebound.
17:08 of 2nd period - Jonathan Marchessault wins face-off versus Seth Griffith in Gangsters zone.
17:09 of 2nd period - Wrist shot by Zach Boychuk.
17:09 of 2nd period - Stopped by Dustin Tokarski without a rebound.
17:10 of 2nd period - Jonathan Marchessault wins face-off versus Seth Griffith in Gangsters zone.
17:13 of 2nd period - Snap shot by Jared Boll.
17:13 of 2nd period - Stopped by Dustin Tokarski with a rebound.
17:15 of 2nd period - Snap shot by Jared Boll.
17:15 of 2nd period - Stopped by Dustin Tokarski with a rebound.
17:17 of 2nd period - Wrist shot by Jared Boll.
17:17 of 2nd period - Stopped by Dustin Tokarski without a rebound.
17:18 of 2nd period - Chris Bourque wins face-off versus Jonathan Marchessault in Gangsters zone.
17:18 of 2nd period - Gustav Nyquist is hit by Zach Boychuk and loses puck.
17:21 of 2nd period - Minor Penalty to Colten Teubert for Holding.
17:22 of 2nd period - Chris Bourque wins face-off versus Kyle Turris in Gangsters zone.
19:21 of 2nd period - Penalty to Colten Teubert is over, Colten Teubert is back on ice.
19:27 of 2nd period - Slapshot by Ryan Murphy.
19:27 of 2nd period - Stopped by Dustin Tokarski without a rebound.
19:28 of 2nd period - Sebastian Collberg wins face-off versus Vincent Trocheck in Gangsters zone.
19:28 of 2nd period - Sebastian Collberg is hit by Jonathan Racine.
Goals for this period are 2 for Gangsters vs 1 for Sewer Rats.
Shots for this period are 6 for Gangsters vs 22 for Sewer Rats.
3rd period
0:01 of 3rd period - Kyle Turris wins face-off versus Chris Bourque in neutral zone.
0:38 of 3rd period - Slapshot by Tomas Hertl.
0:38 of 3rd period - Shot Misses the Net.
1:10 of 3rd period - Matt Delahey is hit by Mark Mancari and loses puck.
1:17 of 3rd period - Wrist shot by Ville Leino.
1:17 of 3rd period - Deflect By Mark Mancari.
1:17 of 3rd period - Goal by Mark Mancari - Gangsters : 4 - Sewer Rats : 3.
1:18 of 3rd period - Maxime Sauvé wins face-off versus Mark Mancari in neutral zone.
1:25 of 3rd period - Slapshot by Jarred Tinordi.
1:25 of 3rd period - Shot Blocked by Maxime Sauvé.
3:12 of 3rd period - Off-side.
3:13 of 3rd period - Maxime Sauvé wins face-off versus Jonathan Marchessault in neutral zone.
3:28 of 3rd period - Wrist shot by Gustav Nyquist.
3:28 of 3rd period - Stopped by Marek Mazanek without a rebound.
3:29 of 3rd period - Magnus Paajarvi-Svensson wins face-off versus Kyle Turris in Sewer Rats zone.
3:44 of 3rd period - Richard Panik is hit by Mark Mancari and loses puck.
4:43 of 3rd period - Icing by Colten Teubert.
4:44 of 3rd period - Vincent Trocheck wins face-off versus Maxime Sauvé in Gangsters zone.
4:55 of 3rd period - Wrist shot by Martin Frk.
4:55 of 3rd period - Stopped by Dustin Tokarski without a rebound.
4:56 of 3rd period - Tomas Hertl wins face-off versus Kyle Turris in Gangsters zone.
5:03 of 3rd period - Slapshot by Patrik Nemeth.
5:03 of 3rd period - Stopped by Marek Mazanek without a rebound.
5:04 of 3rd period - Tomas Hertl wins face-off versus Kyle Turris in Sewer Rats zone.
5:09 of 3rd period - Wrist shot by Magnus Paajarvi-Svensson.
5:09 of 3rd period - Stopped by Marek Mazanek without a rebound.
5:10 of 3rd period - Kyle Turris wins face-off versus Tomas Hertl in Sewer Rats zone.
5:16 of 3rd period - Off-side.
5:17 of 3rd period - Kyle Turris wins face-off versus Tomas Hertl in neutral zone.
5:22 of 3rd period - Wrist shot by Mark Mancari.
5:22 of 3rd period - Shot Blocked by Richard Panik.
5:24 of 3rd period - Minor Penalty to Patrik Nemeth for Kneeing.
5:25 of 3rd period - Kyle Turris wins face-off versus Chris Bourque in Gangsters zone.
6:00 of 3rd period - Snap shot by Maxime Sauvé.
6:00 of 3rd period - Stopped by Marek Mazanek with a rebound.
6:02 of 3rd period - Slapshot by Matt Delahey.
6:02 of 3rd period - Deflect By Jonathan Marchessault.
6:02 of 3rd period - Stopped by Marek Mazanek with a rebound.
6:36 of 3rd period - Wrist shot by Dave Dziurzynski.
6:36 of 3rd period - Goal by Dave Dziurzynski - Gangsters : 5 - Sewer Rats : 3.
6:37 of 3rd period - Kyle Turris wins face-off versus Gustav Nyquist in neutral zone.
7:14 of 3rd period - Slapshot by Maxime Sauvé.
7:14 of 3rd period - Stopped by Marek Mazanek without a rebound.
7:15 of 3rd period - Jonathan Marchessault wins face-off versus Maxime Sauvé in Sewer Rats zone.
7:24 of 3rd period - Penalty to Patrik Nemeth is over, Patrik Nemeth is back on ice.
7:36 of 3rd period - Snap shot by Ville Leino.
7:36 of 3rd period - Deflect By Kyle Turris.
7:36 of 3rd period - Stopped by Dustin Tokarski with a rebound.
7:38 of 3rd period - Slapshot by Joel Edmundson.
7:38 of 3rd period - Stopped by Dustin Tokarski without a rebound.
7:39 of 3rd period - Kyle Turris wins face-off versus Seth Griffith in Gangsters zone.
7:44 of 3rd period - Slapshot by Mark Mancari.
7:44 of 3rd period - Deflect By Ville Leino.
7:44 of 3rd period - Stopped by Dustin Tokarski with a rebound.
7:46 of 3rd period - Snap shot by Mark Mancari.
7:46 of 3rd period - Stopped by Dustin Tokarski with a rebound.
7:48 of 3rd period - Snap shot by Mark Mancari.
7:48 of 3rd period - Stopped by Dustin Tokarski with a rebound.
7:50 of 3rd period - Slapshot by Ville Leino.
7:50 of 3rd period - Shot Blocked by Bryan Young.
7:52 of 3rd period - Snap shot by Mark Mancari.
7:52 of 3rd period - Deflect By Ville Leino.
7:52 of 3rd period - Shot Misses the Net.
7:52 of 3rd period - Puck is out of play.
7:53 of 3rd period - Maxime Sauvé wins face-off versus Jonathan Marchessault in Gangsters zone.
7:53 of 3rd period - Maxime Sauvé is hit by Zach Boychuk.
8:01 of 3rd period - Snap shot by Zach Boychuk.
8:01 of 3rd period - Stopped by Dustin Tokarski with a rebound.
8:21 of 3rd period - Magnus Paajarvi-Svensson is hit by Kyle Turris and loses puck.
9:01 of 3rd period - Slapshot by Kyle Turris.
9:01 of 3rd period - Goal by Kyle Turris - Gangsters : 5 - Sewer Rats : 4.
9:02 of 3rd period - Zach Boychuk wins face-off versus Maxime Sauvé in neutral zone.
9:10 of 3rd period - Minor Penalty to Maxime Sauvé for Roughing.
9:11 of 3rd period - Chris Bourque wins face-off versus Kyle Turris in Gangsters zone.
9:38 of 3rd period - Wrist shot by Jonathan Marchessault.
9:38 of 3rd period - Shot Misses the Net.
10:00 of 3rd period - Matt Delahey is hit by Mark Mancari.
11:10 of 3rd period - Penalty to Maxime Sauvé is over, Maxime Sauvé is back on ice.
11:45 of 3rd period - Snap shot by Richard Panik.
11:45 of 3rd period - Stopped by Marek Mazanek with a rebound.
12:25 of 3rd period - Snap shot by Richard Panik.
12:25 of 3rd period - Stopped by Marek Mazanek without a rebound.
12:26 of 3rd period - Jonathan Marchessault wins face-off versus Tomas Hertl in Sewer Rats zone.
12:47 of 3rd period - Wrist shot by Magnus Paajarvi-Svensson.
12:47 of 3rd period - Stopped by Marek Mazanek without a rebound.
12:48 of 3rd period - Kyle Turris wins face-off versus Maxime Sauvé in Sewer Rats zone.
12:54 of 3rd period - Off-side.
12:55 of 3rd period - Kyle Turris wins face-off versus Maxime Sauvé in neutral zone.
12:59 of 3rd period - Minor Penalty to Jonathan Racine for Hooking.
13:00 of 3rd period - Ville Leino wins face-off versus Maxime Sauvé in Sewer Rats zone.
13:00 of 3rd period - Ville Leino is hit by Maxime Sauvé.
14:01 of 3rd period - Ryan Murphy is hit by Richard Panik and loses puck.
14:59 of 3rd period - Penalty to Jonathan Racine is over, Jonathan Racine is back on ice.
15:05 of 3rd period - Snap shot by Dave Dziurzynski.
15:05 of 3rd period - Shot Blocked by Joel Edmundson.
15:15 of 3rd period - Snap shot by Dmitrij Jaskin.
15:15 of 3rd period - Stopped by Dustin Tokarski with a rebound.
15:34 of 3rd period - Brett Ponich is hit by Jonathan Racine and loses puck.
16:20 of 3rd period - Snap shot by Martin Frk.
16:20 of 3rd period - Stopped by Dustin Tokarski without a rebound.
16:21 of 3rd period - Martin Frk wins face-off versus Seth Griffith in Gangsters zone.
16:22 of 3rd period - Snap shot by Jonathan Huberdeau.
16:22 of 3rd period - Shot Misses the Net.
16:24 of 3rd period - Snap shot by Jonathan Huberdeau.
16:24 of 3rd period - Shot Misses the Net.
16:26 of 3rd period - Wrist shot by Jonathan Huberdeau.
16:26 of 3rd period - Goal by Jonathan Huberdeau - Gangsters : 5 - Sewer Rats : 5.
16:27 of 3rd period - Vincent Trocheck wins face-off versus Seth Griffith in neutral zone.
16:53 of 3rd period - Maxime Sauvé is hit by Ville Leino and loses puck.
18:38 of 3rd period - Seth Griffith is hit by Jonathan Marchessault and loses puck.
18:49 of 3rd period - Minor Penalty to Jonas Brodin for Goalie Interference.
18:50 of 3rd period - Chris Bourque wins face-off versus Kyle Turris in Gangsters zone.
18:50 of 3rd period - Chris Bourque is hit by Mark Mancari.
19:26 of 3rd period - Wrist shot by Jared Boll.
19:26 of 3rd period - Deflect By Zach Boychuk.
19:26 of 3rd period - Stopped by Dustin Tokarski without a rebound.
19:27 of 3rd period - Kyle Turris wins face-off versus Chris Bourque in Gangsters zone.
19:30 of 3rd period - Slapshot by Ville Leino.
19:30 of 3rd period - Stopped by Dustin Tokarski without a rebound.
19:31 of 3rd period - Chris Bourque wins face-off versus Ville Leino in Gangsters zone.
Goals for this period are 1 for Gangsters vs 3 for Sewer Rats.
Shots for this period are 10 for Gangsters vs 14 for Sewer Rats.
Overtime #1
0:01 of 1st overtime period - Ville Leino wins face-off versus Chris Bourque in neutral zone.
0:08 of 1st overtime period - Backhand shot by Mark Mancari.
0:08 of 1st overtime period - Stopped by Dustin Tokarski with a rebound.
0:18 of 1st overtime period - Jarred Tinordi is hit by Colten Teubert and loses puck.
0:43 of 1st overtime period - Patrik Nemeth is hit by John Ramage and loses puck.
0:49 of 1st overtime period - Penalty to Jonas Brodin is over, Jonas Brodin is back on ice.
1:12 of 1st overtime period - Bryan Young is hit by Jonathan Huberdeau and loses puck.
1:41 of 1st overtime period - Icing by Jonathan Huberdeau.
1:42 of 1st overtime period - Vincent Trocheck wins face-off versus Phillip Danault in Sewer Rats zone.
2:33 of 1st overtime period - Ryan Murphy is hit by Maxime Sauvé and loses puck.
2:41 of 1st overtime period - Icing by John Ramage.
2:42 of 1st overtime period - Zach Boychuk wins face-off versus Chris Bourque in Sewer Rats zone.
3:07 of 1st overtime period - Slapshot by Matt Delahey.
3:07 of 1st overtime period - Stopped by Marek Mazanek with a rebound.
3:09 of 1st overtime period - Snap shot by Tomas Hertl.
3:09 of 1st overtime period - Stopped by Marek Mazanek with a rebound.
3:11 of 1st overtime period - Wrist shot by Maxime Sauvé.
3:11 of 1st overtime period - Deflect By Zach Boychuk.
3:11 of 1st overtime period - Goal by Maxime Sauvé - Gangsters : 6 - Sewer Rats : 5.
Goals for this period are 1 for Gangsters vs 0 for Sewer Rats.
Shots for this period are 3 for Gangsters vs 1 for Sewer Rats.
Back to the Top